Cogmind - Beta 9.3 @@@ ROGUE MODE // 2020.01.07 @ 09:01:04 Player: alice_fexa Result: Destroyed by G-34 Mercenary with Small Laser Performance ------------- Evolutions (0) 0 Regions Visited (2) 400 Robots Destroyed (20) 100 Value Destroyed (370) 370 Prototype IDs (0) 0 Alien Tech Used (0) 0 Bonus (0) 0 TOTAL SCORE: 870 Bonus ------- None Cogmind --------- Core Integrity 0/250 Matter 281/300 Energy 124/125 System Corruption 0% Temperature Cool (6) Movement Treading (180) Ox1 Location -10/Mines Parts ------- > --- POWER (1) -------- Light Ion Engine > --- PROPULSION (2) --- Light Treads Wheel > --- UTILITY (2) ------ High-capacity Storage Unit Targeting Computer > --- WEAPON (2) ------- Light Assault Rifle > --- INVENTORY (12) --- Ion Engine Light Ion Engine Light Ion Engine Wheel Compact Wheel Heat Sink Large Storage Unit Light Armor Plating Grenade Launcher Peak State ------------ > --- POWER ------------ Light Ion Engine > --- PROPULSION ------- Light Treads Wheel > --- UTILITY ---------- Small Storage Unit High-capacity Storage Unit > --- WEAPON ----------- EM Pulse Gun Light Assault Rifle > --- INVENTORY -------- Ion Engine Light Ion Engine Light Treads Compact Wheel Small Laser [Rating: 7] Favorites ----------- Power Light Ion Engine Engine Light Ion Engine Propulsion Light Treads Treads Light Treads Wheel Wheel Utility High-capacity Storage Unit Storage High-capacity Storage Unit Processor Targeting Computer Weapon Light Assault Rifle Energy Gun Small Laser Ballistic Gun Light Assault Rifle Launcher Grenade Launcher Build | -11 -10 -10 ------- Run | Scr Mat Min Slots Evolved . | . . . Power . | . . . Propulsion . | . . . Utility . | . . . Weapon . | . . . Parts Attached 21 | 5 16 . Power 2 | 1 1 . Engine 2 | 1 1 . Core . | . . . Reactor . | . . . Propulsion 7 | 2 5 . Treads 3 | 1 2 . Leg . | . . . Wheel 4 | 1 3 . Hover . | . . . Flight . | . . . Utility 3 | 1 2 . Device . | . . . Storage 2 | 1 1 . Processor 1 | . 1 . Hackware . | . . . Protection . | . . . Artifact . | . . . Weapon 9 | 1 8 . Energy Gun 4 | . 4 . Energy Cannon . | . . . Ballistic Gun 3 | 1 2 . Ballistic Cannon . | . . . Launcher 2 | . 2 . Special Weapon . | . . . Impact Weapon . | . . . Slashing Weapon . | . . . Piercing Weapon . | . . . Special Melee Weapon . | . . . Unidentified Prototypes . | . . . Parts Lost 3 | . 2 1 Power . | . . . Propulsion 1 | . 1 . Utility . | . . . Weapon 2 | . 1 1 Highest Loss Streak 2 | . 2 1 Average Slot Usage (%) 97 | . 97 98 Engine 14 | . 14 14 Treads 13 | . 13 14 Wheel 14 | . 14 14 Storage 14 | . 14 14 Processor 12 | . 12 14 Energy Gun 12 | . 13 12 Ballistic Gun 13 | . 13 14 Naked Turns . | . . . Heaviest Build 42 | 8 42 37 Greatest Support 20 | 20 20 10 Greatest Overweight (x) 4 | 2 4 3 Average Overweight (x) 2 | . 2 3 Largest Inventory Capacity 14 | 6 14 12 Average Capacity 11 | 5 11 12 Most Carried 9 | 5 9 9 Average Carried 6 | 2 6 8 Final Capacity 12 | 6 12 12 Final Carried 9 | 5 8 9 Class Distribution -------------------- 100% | Mutant Dominant Class ---------------- Mutant | -10/Materials Mutant | -10/Mines Resources | -11 -10 -10 ----------- Run | Scr Mat Min Matter Collected 523 | 229 252 42 Remotely . | . . . Salvage Created 451 | . 451 . Parts 34 | . 34 . Haulers Intercepted 1 | . 1 . Recyclers Shooed 1 | . 1 . Parts Field Recycled . | . . . Retrieved Matter . | . . . Parts Self-Destructed . | . . . Prevented . | . . . Kills | -11 -10 -10 ------- Run | Scr Mat Min Combat Hostiles Destroyed 12 | . 12 . Guns 7 | . 7 . AOE 5 | . 5 . Classes Destroyed 7 | . 7 . Worker 2 | . 2 . Builder 1 | . 1 . Hauler 1 | . 1 . Operator 2 | . 2 . Watcher 2 | . 2 . Swarmer 6 | . 6 . Grunt 6 | . 6 . Best Kill Streak 6 | . 6 . Combat Bots Only 5 | . 5 . Max Kills in Single Turn 2 | . 2 . Gunslinging . | . . . Exploded 2 | . 2 . Melee . | . . . Uniques/NPCs Destroyed . | . . . Combat | -11 -10 -10 -------- Run | Scr Mat Min Damage Taken 842 | . 614 228 Core 259 | . 167 92 Absorbed by Shields . | . . . Core Remaining (%) 100 | 100 . . Volleys Fired 82 | . 70 12 Largest 2 | . 2 2 Hottest 60 | . 60 60 Shots Fired 141 | . 128 13 Gun 134 | . 121 13 Cannon . | . . . Launcher 7 | . 7 . Special . | . . . Kinetic 77 | . 65 12 Thermal 37 | . 36 1 Explosive 7 | . 7 . Electromagnetic 20 | . 20 . Robot Hit Streak 18 | . 18 7 Robot Miss Streak 4 | . 4 2 Penetration Max . | . . . Secondary Targets 1 | . 1 . Max Gunslinging Chain 1 | . 1 . Shots Hit Robots 98 | . 89 9 Core Hits 35 | . 34 1 Critical Hits . | . . . Critical Kills . | . . . Critical Parts Destroyed . | . . . Melee Attacks . | . . . Impact . | . . . Slashing . | . . . Piercing . | . . . Sneak Attacks . | . . . Combat Hostiles . | . . . Follow-up Attacks . | . . . Damage Inflicted 1365 | . 1304 61 Guns 859 | . 798 61 Cannons . | . . . Explosions 506 | . 506 . Melee . | . . . Ramming . | . . . Kinetic 388 | . 327 61 Thermal 458 | . 458 . Explosive 335 | . 335 . Electromagnetic 184 | . 184 . Impact . | . . . Slashing . | . . . Piercing . | . . . Highest Corruption . | . . . Average Corruption . | . . . Corruption Purged . | . . . Overload Shots . | . . . Overflow Damage 64 | . 64 . Projectiles . | . . . Explosions 64 | . 64 . Melee . | . . . Knockbacks . | . . . Impact . | . . . Kinetic . | . . . Secondary . | . . . Self-Inflicted Damage 124 | . 124 . Shots 2 | . 2 . Rammed . | . . . Targets Rammed . | . . . Kicked . | . . . Crushed . | . . . Highest Temperature 126 | . 126 29 Average Temperature 31 | . 33 11 Received Heat Transfer 318 | . 195 123 Siege Activations . | . . . Robots Corrupted . | . . . Combat Hostiles . | . . . Parts Fried . | . . . Impact Corruptions . | . . . Robots Melted . | . . . Combat Hostiles . | . . . Parts Melted . | . . . Heat Transferred 975 | . 975 . Parts Sabotaged . | . . . Parts Stolen . | . . . Parts Stripped . | . . . Power Chain Reactions 2 | . 2 . Missiles Intercepted . | . . . Alert | -11 -10 -10 ------- Run | Scr Mat Min Peak Influence 281 | . 281 . Average Influence 68 | . 86 . Maximum Alert Level 1 | . 1 . Low Security (%) 86 | 100 83 100 Level 1 13 | . 16 . Level 2 . | . . . Level 3 . | . . . Level 4 . | . . . Level 5 . | . . . High Security . | . . . Max Security . | . . . Squads Dispatched 3 | . 3 . Investigation 1 | . 1 . Extermination . | . . . Reinforcement 2 | . 2 . Assault . | . . . Garrison . | . . . Intercept . | . . . Construction Impeded . | . . . Haulers Reinforced . | . . . Stealth | -11 -10 -10 --------- Run | Scr Mat Min Distress Signals 1 | . 1 . Communications Jammed . | . . . Distress Signals . | . . . Times Spotted 25 | . 23 2 Peak Tracking Total 4 | . 4 2 Tactical Retreats 1 | . 1 . Traps | -11 -10 -10 ------- Run | Scr Mat Min Traps Triggered 1 | . 1 . Indirectly . | . . . Trap Hack Attempts . | . . . Triggered . | . . . Disarmed . | . . . Reprogrammed . | . . . Reused . | . . . Traps Extracted . | . . . Installed . | . . . Triggered . | . . . Machines | -11 -10 -10 ---------- Run | Scr Mat Min Machines Disabled 2 | . 2 . Max in Single Turn 2 | . 2 . Machines Sabotaged . | . . . Garrisons Compromised . | . . . Overloaded Fab Kills . | . . . Fab Network Shutdowns . | . . . Hacking | -11 -10 -10 --------- Run | Scr Mat Min Machines Accessed 5 | . 5 . Terminals 4 | . 4 . Fabricators . | . . . Repair Stations 1 | . 1 . Recycling Units . | . . . Scanalyzers . | . . . Garrison Access . | . . . Total Hacks 18 | . 18 . Successful 12 | . 12 . Failed 6 | . 6 . Catastrophic 1 | . 1 . Database Lockouts . | . . . Manual 14 | . 14 . Terminals 14 | . 14 . Fabricators . | . . . Repair Stations 4 | . 4 . Recycling Units . | . . . Scanalyzers . | . . . Garrison Access . | . . . Terminal Hacks 4 | . 4 . Unreport Threat 2 | . 2 . Recall Reinforcements 1 | . 1 . Zone Layout 1 | . 1 . Fabricator Hacks . | . . . Repair Station Hacks 4 | . 4 . Scan Component 2 | . 2 . Repair 2 | . 2 . Recycling Unit Hacks . | . . . Scanalyzer . | . . . Garrison Access Hacks . | . . . Unauthorized Hacks 10 | . 10 . Terminals 4 | . 4 . Botnet 4 | . 4 . Fabricators . | . . . Repair Stations . | . . . Recycling Units . | . . . Scanalyzers . | . . . Garrison Access . | . . . Data Cores Recovered . | . . . Used . | . . . Hacking Detections 4 | . 4 . Full Trace Events . | . . . Feedback Events . | . . . Feedback Blocked . | . . . Robot Schematics Acquired . | . . . Robots Built . | . . . Matter . | . . . Time . | . . . Total Robot Build Rating . | . . . Part Schematics Acquired . | . . . Parts Built . | . . . Matter . | . . . Time . | . . . Total Part Build Rating . | . . . Parts Repaired 2 | . 2 . Time 52 | . 52 . Parts Recycled . | . . . Recycled Matter . | . . . Retrieved Matter . | . . . Retrieved Components . | . . . Parts Scanalyzed . | . . . Part Schematics Acquired . | . . . Parts Damaged . | . . . Bothacking | -11 -10 -10 ------------ Run | Scr Mat Min Used RIF Installer . | . . . Robots Hacked . | . . . Non-combat . | . . . Combat . | . . . Robot Hacks Applied . | . . . Relay Couplers Released . | . . . Robots Rewired . | . . . Allies Hacked . | . . . Hacks Repelled . | . . . Allies | -11 -10 -10 -------- Run | Scr Mat Min Total Allies . | . . . Largest Group . | . . . Highest-Rated Group . | . . . Highest-Rated Ally . | . . . Total Orders . | . . . Ally Attacks . | . . . Total Damage . | . . . Kills . | . . . Allies Corrupted . | . . . Allies Melted . | . . . Intel | -11 -10 -10 ------- Run | Scr Mat Min Robot Analysis Total . | . . . Derelict Logs Recovered 2 | . . 2 Drone Launches . | . . . Drone Recoveries . | . . . Exploration | -11 -10 -10 ------------- Run | Scr Mat Min Turns Passed 1091 | 42 865 184 Spaces Moved 648 | 35 466 147 Core 6 | 6 . . Treads 96 | 2 94 . Legs . | . . . Wheels 546 | 27 372 147 Hover . | . . . Flight . | . . . Fastest Speed 50 | 50 80 110 Average Speed 118 | 85 123 110 Slowest Speed 180 | 160 180 110 Overloaded Moves . | . . . Propulsion Burnouts . | . . . Robots Hopped . | . . . Cave-ins Triggered . | . . . Exploration Rate (%) 39 | 3 78 38 Regions Visited 2 Branch Regions 1 Pre-discovered Areas . | . . . Known Exits Taken . | . . . Unknown Exits Taken 2 | 1 1 . Scrap Searched 1 | . . 1 Spaces Dug . | . . . Terrain Destroyed 93 | . 93 . Melee . | . . . Projectile . | . . . AOE 93 | . 93 . Actions | -11 -10 -10 --------- Run | Scr Mat Min Total 841 | 44 637 160 Wait 80 | . 80 . Move 646 | 34 465 147 Hop . | . . . Pick Up 10 | 5 4 1 Fast Attach 9 | 5 4 . Attach 3 | . 3 . Detach . | . . . Swap 9 | . 9 . Drop 2 | . 2 . Fire 82 | . 70 12 Melee . | . . . Ram . | . . . Kick . | . . . Crush . | . . . Escape Stasis . | . . . Rewire . | . . . Trap . | . . . Miscellaneous . | . . . Route ------- -11/Scrapyard -10/Materials (discovered 3 exits: [*Mat x2] / [*Min]) -10/Mines (discovered 1 exit: [*Mat]) History --------- Turn | Location | Event 22 | -11/Scrapyard | Discovered new exit (range 15) 43 | -11/Scrapyard | Entered Materials 261 | -10/Materials | Discovered new exit (range 4) 303 | -10/Materials | Build established: Mutant 336 | -10/Materials | Discovered new exit (range 8) 395 | -10/Materials | Core integrity fell below 50% 622 | -10/Materials | Discovered new exit (range 11) 740 | -10/Materials | Repaired Lgt. Assault Rifle 768 | -10/Materials | Repaired Lgt. Treads 908 | -10/Materials | Entered Mines 929 | -10/Mines | Met a Derelict bent on vengeance 976 | -10/Mines | Learned Materials interactive machine intel 1006 | -10/Mines | Learned location of 2 exits from Materials 1060 | -10/Mines | Discovered new exit (range 15) 1077 | -10/Mines | Core integrity fell below 20% 1092 | -10/Mines | Destroyed by G-34 Mercenary with Small Laser Last Messages --------------- 00798_ R-06 Scavenger collects Lgt. Ion Engine. 00826_ K-01 Serf cleans the Hadron Collector. 00872_ Acquired 13 matter. 00890_ Acquired 17 matter. LOCATION=UNKNOWN GOAL=ESCAPE Something is scanning the area. 00929_ LC-F2N(g): "TASTE MY VENGEANCE!" 00976_ Acquired derelict log, extracted data. Data stored: Materials interactive machine intel. 01005_ Searching scrap... 01005_ Found 42 Matter. 01005_ Found Lgt. Armor Plating. 01005_ Found Sml. Storage Unit. 01006_ Acquired 42 matter. 01006_ Acquired derelict log, extracted data. Data stored: Materials exits (x2). 01009_ Acquired Lgt. Armor Plating. 01060_ EXIT=FOUND 01072_ Sml. Laser destroyed. Map ----- +----------------------------------------------------+ | ?????????????????????????????????????? | | ?????????????????????????????????????? | | ?????????????????????????????????????? | | ?????????????????????????????????????? | | ?????????????????????????????????????? | | ?????????????????????????????????????? | | ?????????????????????????????????????? | | ?????????????????????????????????????? | | ?????????????????????????????????????? | | ?????????????????????????????????????? | | ?????????????????????????????????????? | | ?????????????????????????????????????? | | ?????????????????????????????????????? | | ?????????????????????????????????????? | | ?????????????????????##??????????????? | | ?????????????????????? #??????? ?????? | | ?????????????????????? #?????# ?????? | | ?????????????????????? ?????# ?????? | | ?????????????????????? ????? ?????? | | ?????????????????????? ?????# ?????? | | ?????????????????????? #?????# ?????? | | ??????????????????????# #????## ???### | | ??????????????????????# #???## #### | | ????# "???????????????# #??## ## | | ????# g ############ #### | | ????# < g @ #### | | ????# ############### #??## | | ????# ??????????????????# #??## # | | ????????????????????###### #### ## | | ???????????????????## #? | | ??????????????????## ! #? | | ????????????????### ####### ##? | | ???????????????## #?????# ##?? | | ???????????????# ######## ##??? | | ???????????????## # #???? | | ????????????????## ## #???? | | ?????????????????# ## ########???? | | ?????????????????# ## #?#####??##? | | ?????????????????## # ### ## #? | | ??????????????????### #? | | ????????????????????## #? | | ?????????????????????## ###? | | ??????????????????????###### ###??? | | ???????????????????????????######????? | | ?????????????????????????????????????? | | ?????????????????????????????????????? | | ?????????????????????????????????????? | | ?????????????????????????????????????? | | ?????????????????????????????????????? | | ?????????????????????????????????????? | +----------------------------------------------------+ Best States ------------- Heat Dissipation 25 Energy Generation 10 Energy Capacity 125 Matter Stores 300 Matter Capacity 300 Sight Range 16 Terrain Scan Density 10 Evasion (%) 44 Targeting Accuracy 5 Recoil Reduction 1 Item Schematics ----------------- None Robot Schematics ------------------ None Fabricated ------------ Nothing Alien Tech Used ----------------- None Achievements -------------- None Challenges ------------ None Game ------ Seed ColdAssembledProtomatter Manual? 0 Play Time 00:06:53 Cumulative 621.6 hours Start 2020.01.07 @ 08:54:43 End 2020.01.07 @ 09:01:04 Sessions 1 Manual Loads 0 Difficulty Rogue Special Mode None Game No. 550 Rogue 510 Adventurer 40 Explorer 0 Win Type - Total 42 Types 28/0/12/2/0/0/0 Lore% 88 Gallery% 90 Achievement% 69 Wizard Run 0 Options --------- ASCII 0 Keyboard 0 Movement Numpad Keybinds 0 Fullscreen 0 Font 16/Terminus Map View 76x50 Tactical HUD 1 Map Filters NONE Filters NONE Steam 1 RUN: 089f6867-3ac9-4c61-a3dc-c0e755cf6acc